AoeStats
← KaLong

Nomad

508363387Analyzed
4v4 RM · 10d ago on Sep 22, 2026· 48m 55s· 8 players
Game mode
Random Map
Map size
231×231
Population
200
Speed
Normal
Resources
Standard
Victory
Conquest
Starting age
Dark Age
Ending age
Imperial Age
RankedLock teamsTeams togetherTeam positionsShared explorationLock speedFull tech treeHidden civsTurbo modeCheats
Victory
Defeat
🇺🇸 Koreans · United States
1732
+9
🇨🇳 Spanish · China
1574
+15
🇻🇪 Persians · Venezuela
1516
+18
🇺🇸 Romans · United States
1503
+18
1591
-16
🇳🇿 Berbers · New Zealand
1572
-16
🇪🇨 Koreans · Ecuador
1541
-14
🇺🇸 Wu · United States
1535
-14
mmmbokchoi
11:23 Loom
13:38 Feudal Age
17:57 Castle Age
15:44 Double-Bit Axe
16:24 Gold Mining
18:01 Fletching
18:54 Medium Warships
18:42 Bodkin Arrow
19:20 Bow Saw
23:27 Fishing Lines
25:37 Gold Shaft Mining
25:35 Ballistics
25:59 Clinker Construction
27:32 Wheelbarrow
30:13 Gillnets
Kaladin Stormblessed
9:51 Loom
12:32 Feudal Age
13:00 Double-Bit Axe
15:36 Town Watch
16:53 Fishing Lines
21:47 Castle Age
20:52 Gold Mining
22:22 Wheelbarrow
21:48 Horse Collar
23:13 Gillnets
25:49 Bow Saw
26:02 Heavy Plow
28:04 Stone Mining
30:24 Hand Cart
33:34 Imperial Age
33:03 Gold Shaft Mining
33:06 Stone Shaft Mining
32:30 Fletching
33:08 Bodkin Arrow
33:39 Ballistics
34:00 Elite Fire Lancer
35:13 Squires
34:59 Arson
35:00 Gambesons
35:16 Scale Mail Armor
35:26 Forging
36:35 Chemistry
35:52 Bracer
36:57 Chain Mail Armor
36:52 Forging
37:23 Conscription
37:35 Masonry
37:05 Treadmill Crane
37:33 Elite War Wagon
41:41 Iron Casting
41:37 Plate Mail Armor
43:01 Eupseong
44:33 Architecture
46:20 Siege Engineers
46:00 Arrowslits
46:22 Siege Engineers
大冲车 滴滴 创死你
4:55 Loom
13:39 Feudal Age
14:40 Double-Bit Axe
20:53 Castle Age
21:56 Bow Saw
25:36 Gold Mining
25:48 Fishing Lines
26:59 Stone Mining
28:33 Horse Collar
30:20 Fletching
Ivbin Jirginov
5:17 Loom
14:11 Feudal Age
18:43 Castle Age
22:54 Fletching
23:09 Double-Bit Axe
嗚
7:18 Loom
13:31 Feudal Age
17:27 Castle Age
15:50 Double-Bit Axe
16:56 Stone Mining
17:04 Gold Mining
18:36 Bow Saw
19:06 Fletching
20:43 Bodkin Arrow
24:49 Wheelbarrow
25:38 Ballistics
31:17 Town Watch
37:39 Horse Collar
39:25 Gold Shaft Mining
40:21 Hand Cart
44:07 Imperial Age
43:45 Stone Shaft Mining
44:40 Thumb Ring
45:20 Conscription
45:07 Bracer
46:09 Chemistry
46:17 Two-Man Saw
45:23 Husbandry
46:03 Elite War Wagon
47:47 Capped Ram
KaLong
5:00 Loom
13:40 Feudal Age
20:02 Castle Age
18:38 Fletching
20:22 Double-Bit Axe
21:01 Bodkin Arrow
21:21 Medium Warships
25:31 Fishing Lines
31:17 Wheelbarrow
37:01 Horse Collar
42:07 Imperial Age
42:12 Capped Ram
42:15 Onager
43:27 Bow Saw
42:51 Heavy Scorpion
44:33 Chemistry
47:34 Ballistics
48:18 Capped Ram
Bz_青红
5:26 Loom
12:36 Feudal Age
16:39 Castle Age
15:48 Double-Bit Axe
15:48 Horse Collar
17:02 Town Watch
20:05 Wheelbarrow
28:59 Gold Mining
29:20 Bow Saw
29:13 Heavy Plow
32:30 Padded Archer Armor
34:44 Hand Cart
38:44 Imperial Age
37:52 Bloodlines
38:57 Leather Archer Armor
38:52 Capped Ram
40:36 Ring Archer Armor
40:28 Conscription
42:14 Elite Conquistador
45:11 Scale Barding Armor
45:31 Siege Ram
47:44 Supremacy
47:45 Sappers
Jeremy24k
5:14 Loom
12:42 Feudal Age
13:14 Double-Bit Axe
14:17 Forging
20:47 Castle Age
21:33 Medium Warships
22:19 Bow Saw
23:08 Iron Casting
24:27 Fishing Lines
25:07 Horse Collar
28:53 Gillnets
31:49 Wheelbarrow
37:37 Imperial Age
35:53 Fletching
36:02 Stone Mining
36:04 Gold Mining
37:20 Masonry
37:46 Bodkin Arrow
48:53 Hand Cart
Connection lost

Rejoining the realm…

Still unreachable

The connection could not be restored.

Session expired

The server has moved on; the page needs a fresh start.